 Dungeon Crawl Stone Soup version 0.29-a0-563-g64e4043184 (webtiles) character file.

Game seed: 2184404897357621271

51 DocClef the Covert (level 3, -3/35 HPs)
             Began as a Gnoll Delver on June 11, 2022.
             Killed by divine providence
             ... invoked by an orc priest
              (14 damage)
             ... on level 3 of the Dungeon.
             The game lasted 00:00:54 (839 turns).

DocClef the Covert (Gnoll Delver)                    Turns: 839, Time: 00:00:54

Health: -3/35      AC:  4    Str: 11    XL:     3   Next: 81%
Magic:  4/4        EV: 13    Int:  9    God:
Gold:   44         SH:  0    Dex: 15    Spells: 4/4 levels left

rFire   . . .      SeeInvis .   a - +0 short sword
rCold   . . .      Faith    .   (no shield)
rNeg    . . .      Spirit   .   b - +0 leather armour
rPois   .          Reflect  .   (no helmet)
rElec   .          Harm     .   (no cloak)
rCorr   +          Rampage  .   (no gloves)
Will    .....                   i - +0 pair of boots
Stlth   ++++......              (no amulet)
HPRegen 0.11/turn               k - ring of resist corrosion
MPRegen 0.09/turn               (no ring)

@: no status effects
A: fangs 1, strong nose, distributed training
a: no special abilities


You were on level 3 of the Dungeon.
You visited 1 branch of the dungeon, and saw 3 of its levels.

You collected 44 gold pieces.

Inventory:

Hand Weapons
 a - a +0 short sword (weapon)
Armour
 b - a +0 leather armour (worn)
 i - a +0 pair of boots (worn)
Jewellery
 k - a ring of resist corrosion (left hand)
Wands
 g - a wand of digging (3)
Scrolls
 c - a scroll of fog
 d - a scroll of magic mapping
 e - a scroll of fear
 h - a scroll of identify {unknown}
 j - a scroll of amnesia {unknown}
 l - a scroll of immolation {unknown}
Potions
 f - a potion of haste


   Skills:
 + Level 6.5 Fighting
 + Level 4.6 Short Blades
 + Level 1.0 Long Blades
 + Level 1.0 Axes
 + Level 1.0 Maces & Flails
 + Level 1.0 Polearms
 + Level 1.0 Staves
 + Level 1.0 Slings
 + Level 1.0 Bows
 + Level 1.0 Crossbows
 + Level 1.0 Throwing
 + Level 1.0 Armour
 + Level 4.6 Dodging
 + Level 9.6 Stealth
 + Level 1.0 Shields
 + Level 1.0 Unarmed Combat
 + Level 1.0 Spellcasting
 + Level 0.7 Conjurations
 + Level 0.7 Hexes
 + Level 0.7 Summonings
 + Level 0.7 Necromancy
 + Level 0.7 Translocations
 + Level 0.7 Transmutations
 + Level 0.7 Fire Magic
 + Level 0.7 Ice Magic
 + Level 0.7 Air Magic
 + Level 0.7 Earth Magic
 + Level 0.7 Poison Magic
 + Level 1.0 Invocations
 + Level 1.0 Evocations


You had 4 spell levels left.
You didn't know any spells.
Your spell library was empty.

Dungeon Overview and Level Annotations

Branches:
Dungeon (5/15)
 Temple: D:4-7

Altars:


Innate Abilities, Weirdness & Mutations

You have very sharp teeth.
Your uncanny sense of smell can sniff out nearby items.
Your experience applies equally to all skills.


Message History

You hit the orc.
The orc is heavily wounded.
The orc hits you with a +0 hand axe.
You hit the orc.
The orc is severely wounded.
An orc priest comes into view.
It is wielding a +0 dagger of holy wrath.
You hit the orc.
The orc is lightly wounded.
The orc priest invokes the aid of Beogh against you.
Beogh smites you!
You are too injured to fight recklessly!
You are too injured to fight recklessly!
You are too injured to fight recklessly!
You are too injured to fight recklessly!
You are too injured to fight recklessly!
You are too injured to fight recklessly!
You are too injured to fight recklessly!
You are too injured to fight recklessly!
You are too injured to fight recklessly!
You are too injured to fight recklessly!
You are too injured to fight recklessly!
You are too injured to fight recklessly!
You are too injured to fight recklessly!
You are too injured to fight recklessly!
You are too injured to fight recklessly!
You are too injured to fight recklessly!
Unknown command.
An orc comes into view. It is wielding a +0 hand axe.
The orc attacks as you move away! The orc misses you.
The orc attacks as you move away! The orc closely misses you.
The orc attacks as you move away! The orc barely misses you.
The orc attacks as you move away! The orc hits you with a +0 mace.
The orc attacks as you move away! The orc closely misses you.
The orc attacks as you move away! The orc hits you with a +0 mace.
The orc attacks as you move away! The orc hits you with a +0 mace.
* * * LOW HITPOINT WARNING * * *
The orc attacks as you move away! The orc closely misses you.
The orc priest invokes the aid of Beogh against you.
Beogh smites you!
You die...

#.##### #o# #.# #o# #.#
#o# #.# #o#
############ ########
#@# #[.........#
#......#######.##
#.####.#.#.#
#.###.....[.#...## #.#
#.#.#.# #.#
#..####......# #.#
#.#.#<# #.#
#..####.#...####.##
#.....# #.#
#....##.##.####...#
#...#.#
#.###..#............#.#
#..##.#
#......####.##.####...#
#..##.#
###...#####.##+## #####
#.<...#


You could see an orc priest and 3 orcs.

Vanquished Creatures
  A hound (D:5)
  An ufetubus (D:5)
  A worm (D:3)
  A dart slug (D:3)
  A ball python (D:4)
  2 endoplasms (D:3)
  A giant cockroach (D:3)
  A quokka (D:3)
  A frilled lizard (D:3)
  2 rats (D:3)
12 creatures vanquished.

Notes
Turn   | Place    | Note
-------+----------+-------------------------------------------
     0 | D:5      | Reached skill level 9 in Stealth
     0 | D:5      | DocClef the Gnoll Delver began the quest for the Orb.
     0 | D:5      | Reached XP level 1. HP: 23/23 MP: 1/1
    70 | D:5      | Noticed a hound
    81 | D:5      | Killed a hound
    82 | D:5      | Reached XP level 2. HP: 12/29 MP: 1/3
    82 | D:5      | Reached XP level 3. HP: 14/35 MP: 1/4
   287 | D:4      | Noticed a phantom
   324 | D:3      | Reached skill level 1 in Invocations
   800 | D:3      | Reached skill level 1 in Long Blades
   800 | D:3      | Reached skill level 1 in Axes
   800 | D:3      | Reached skill level 1 in Maces & Flails
   800 | D:3      | Reached skill level 1 in Polearms
   800 | D:3      | Reached skill level 1 in Staves
   800 | D:3      | Reached skill level 1 in Slings
   800 | D:3      | Reached skill level 1 in Bows
   800 | D:3      | Reached skill level 1 in Crossbows
   800 | D:3      | Reached skill level 1 in Throwing
   800 | D:3      | Reached skill level 1 in Armour
   800 | D:3      | Reached skill level 1 in Shields
   800 | D:3      | Reached skill level 1 in Unarmed Combat
   800 | D:3      | Reached skill level 1 in Spellcasting
   800 | D:3      | Reached skill level 1 in Evocations
   839 | D:3      | Killed from afar by an orc priest

Illustrated notes

Levels and vault maps discovered:
D:3:      layout_loops_corners
D:4:      nicolae_cairo_tiling_large_dashed, layout_basic,
          makhleb_blood_cavern_becter, uniq_ijyb, uniq_eustachio
D:5:      layout_loops_ring, lemuel_round_altar, mainiacjoe_overflow_paths,
          uniq_pikel

Skill      XL: |  1  2  3 |
---------------+----------+-----
Stealth        | |  9.6
Invocations    | 1 |  1.0
Long Blades    | 1 |  1.0
Axes           | 1 |  1.0
Maces & Flails | 1 |  1.0
Polearms       | 1 |  1.0
Staves         | 1 |  1.0
Slings         | 1 |  1.0
Bows           | 1 |  1.0
Crossbows      | 1 |  1.0
Throwing       | 1 |  1.0
Armour         | 1 |  1.0
Shields        | 1 |  1.0
Unarmed Combat | 1 |  1.0
Spellcasting   | 1 |  1.0
Evocations     | 1 |  1.0
Fighting       | |  6.5
Short Blades   | |  4.6
Dodging        | |  4.6
Conjurations   | |  0.7
Hexes          | |  0.7
Summonings     | |  0.7
Necromancy     | |  0.7
Translocations | |  0.7
Transmutations | |  0.7
Fire Magic     | |  0.7
Ice Magic      | |  0.7
Air Magic      | |  0.7
Earth Magic    | |  0.7
Poison Magic   | |  0.7

Action                   || total
-------------------------++-------
Melee: Short sword       ||    43
       Bite              ||     6
 Stab: Sleeping          ||     6
Armor: Leather armour    ||    13
Dodge: Dodged            ||    21

Table legend: (Time is in decaauts)
 A = Elapsed time spent in this place.
 B = Non-inter-level travel time spent in this place.
 C = Inter-level travel time spent in this place.
 D = Time resting spent in this place.
 E = Time spent auto-exploring this place.
 F = Levels seen in this place.
 G = Mean time per level.
                   A        B        C        D        E       F      G
               +--------+--------+--------+--------+--------+-----+--------+
         Total |    832 |    832 |      0 |     63 |    616 |   3 |  277.3 |
       Dungeon |    832 |    832 |      0 |     63 |    616 |   3 |  277.3 |
               +--------+--------+--------+--------+--------+-----+--------+

Top non-repeatable levels by time:
     D:3: 533 daAuts
     D:5: 150 daAuts
     D:4: 148 daAuts
